 Dungeon Crawl Stone Soup version 0.30-a0-339-g89bb51ec76 (webtiles) character file.

Game seed: 15670224315569173988

131 HoaS the Skirmisher (level 5, -3/30 HPs)
             Began as a Kobold Hunter on Oct 31, 2022.
             Slain by an orc warrior
             ... wielding a +0 hand axe
              (5 damage)
             ... on level 7 of the Dungeon.
             The game lasted 00:04:26 (2741 turns).

HoaS the Skirmisher (Kobold Hunter)                 Turns: 2741, Time: 00:04:26

Health: -3/30      AC:  3    Str:  9    XL:     5   Next: 37%
Magic:  5/5        EV: 18    Int: 10    God:
Gold:   211        SH:  0    Dex: 20    Spells: 4/4 levels left

rFire   . . .      SeeInvis .    a - +0 shortbow
rCold   . . .      Faith    .    (shield currently unavailable)
rNeg    . . .      Spirit   .    c - +0 leather armour
rPois   .          Reflect  .    (no helmet)
rElec   .          Harm     .    (no cloak)
rCorr   .          Rampage  .    (no gloves)
Will    .....                    (no boots)
Stlth   +++.......               (no amulet)
HPRegen 0.25/turn                h - +4 ring of evasion
MPRegen 0.09/turn                (no ring)

@: no status effects
A: small, no large weapons, nightstalker 3
a: no special abilities


You were on level 7 of the Dungeon.
You visited 1 branch of the dungeon, and saw 5 of its levels.

You collected 211 gold pieces.

Inventory:

Hand Weapons
 a - a +0 shortbow (weapon)
Missiles
 g - a throwing net
Armour
 c - a +0 leather armour (worn)
Jewellery
 h - a +4 ring of evasion (left hand)
Scrolls
 b - a scroll of immolation
 l - a scroll of identify
 n - a scroll of poison {unknown}
Potions
 d - a potion of lignification {unknown}
 e - 5 potions of curing
 f - a potion of resistance {unknown}
 i - a potion of heal wounds {unknown}
 j - 2 potions of cancellation
 k - a potion of ambrosia {unknown}


   Skills:
 - Level 2.1 Fighting
 + Level 8.3 Ranged Weapons
 - Level 2.4 Dodging
 - Level 1.3 Stealth


You had 4 spell levels left.
You didn't know any spells.
Your spell library contained the following spells:

 Spells                   Type           Power      Damage    Failure   Level
 Cigotuvi's Dreadful Rot  Necr/Pois/Air  0%         N/A       63%         2
 Poisonous Vapours        Pois/Air       0%         N/A       63%         2
 Scorch                   Fire           0%         2d5       63%         2
 Mephitic Cloud           Conj/Pois/Air  0%         N/A       85%         3
 Flame Wave               Conj/Fire      0%         2d4       99%         4
 Summon Cactus Giant      Summ           0%         N/A       100%        6


Dungeon Overview and Level Annotations

Branches:
Dungeon (4/15)
 Temple: D:4-7

Altars:
Ru
Yredelemnul


Innate Abilities, Weirdness & Mutations

You are small and have problems with some larger weapons.
You are completely attuned to the shadows.


Message History

The phantom hits you.
You shoot an arrow. The arrow barely misses the phantom.
The phantom hits you but does no damage.
You shoot an arrow. The arrow barely misses the phantom.
The phantom hits you but does no damage.
You shoot an arrow. The arrow hits the phantom!
The phantom is heavily damaged.
The phantom barely misses you.
You shoot an arrow.
The arrow hits the phantom but does no damage.
The phantom is heavily damaged.
The phantom barely misses you.
You shoot an arrow. The arrow hits the phantom.
The phantom is severely damaged.
The phantom closely misses you.
The orc warrior hits you with a +0 hand axe!
The phantom misses you.
The orc warrior hits you with a +0 hand axe!
You are too injured to fight recklessly!
You are too injured to fight recklessly!
You are too injured to fight recklessly!
You are too injured to fight recklessly!
You are too injured to fight recklessly!
You are too injured to fight recklessly!
Fire: a) +0 shortbow
Press: ? - help, Q - select action, (/) - cycle Shift-Dir - straight line, f/p - phantom
Aim: a phantom (severely damaged, 58% to hit)
You shoot an arrow. The arrow barely misses the phantom.
You hear a shout!
The orc warrior barely misses you. The phantom misses you.
Fire: a) +0 shortbow
Press: ? - help, Q - select action, (/) - cycle Shift-Dir - straight line, f/p - phantom
Aim: a phantom (severely damaged, 58% to hit)
You shoot an arrow. The arrow closely misses the phantom.
The phantom hits you!
* * * LOW HITPOINT WARNING * * *
The phantom blinks!
You blink.
An orc priest comes into view. It is wielding a +0 club.
The orc warrior hits you with a +0 hand axe.
You die...

..........###
....[.##....#
^.....##.##..
####........#
#......o.##..
...........####
..............#
###........W..#
#........@..#
....o.....
#...ยงยง....
..........
####......
#..... #.....
#..... ##....


You could see an orc warrior, a phantom and an orc priest (wandering).

Vanquished Creatures
  7 adders
  A worm (D:2)
  A dart slug (D:3)
  5 orcs
  5 endoplasms
  A giant cockroach (D:3)
  13 goblins
  4 hobgoblins
  7 ball pythons
  2 bats
  2 frilled lizards (D:3)
  3 kobolds
  7 rats
58 creatures vanquished.

Notes
Turn   | Place    | Note
-------+----------+-------------------------------------------
     0 | D:1      | HoaS the Kobold Hunter began the quest for the Orb.
     0 | D:1      | Reached XP level 1. HP: 12/12 MP: 1/1
   280 | D:1      | Reached XP level 2. HP: 17/17 MP: 2/2
   380 | D:1      | Reached skill level 6 in Ranged Weapons
   392 | D:1      | Found a faded altar of an unknown god.
  1013 | D:2      | Reached XP level 3. HP: 21/21 MP: 3/3
  1160 | D:2      | Reached skill level 7 in Ranged Weapons
  1225 | D:2      | Reached XP level 4. HP: 26/26 MP: 4/4
  1315 | D:2      | Found a sacrificial altar of Ru.
  1840 | D:3      | Reached XP level 5. HP: 17/30 MP: 5/5
  1933 | D:3      | Reached skill level 8 in Ranged Weapons
  2369 | D:3      | Found a sacrificial altar of Ru.
  2369 | D:3      | Found a basalt altar of Yredelemnul.
  2683 | D:4      | You fall into a shaft and drop 3 floors!
  2707 | D:7      | Noticed an orc warrior
  2726 | D:7      | Noticed a phantom
  2741 | D:7      | Slain by an orc warrior

Illustrated notes

Levels and vault maps discovered:
D:1:      elethiomel_arrival_infinity_welcomes_careful_drivers,
          layout_loops_cross, dreamdust_ecumenical_altar_angels_and_demons,
          minmay_tetromino_s4
D:2:      layout_basic, basic_altar
D:3:      layout_basic, gammafunk_temple_overflow_elements
D:4:      layout_layer_cave, dk_noncrumbling_4
D:7:      layout_rooms, minmay_temple_entry_glassed_door, serial_bayou_pond_e

Skill      XL: |  1  2  3  4  5 |
---------------+----------------+-----
Ranged Weapons | 6 7 8 |  8.3
Fighting       | |  2.1
Dodging        | |  2.4
Stealth        | |  1.3

Action                   |  1- 3 |  4- 6 || total
-------------------------+-------+-------++-------
 Fire: Shortbow          |    55 |    92 ||   147
  Use: Scroll            |     5 |     2 ||     7
       Potion            |       |     1 ||     1
Armor: Leather armour    |     3 |    11 ||    14
Dodge: Dodged            |    16 |    37 ||    53

Table legend: (Time is in decaauts)
 A = Elapsed time spent in this place.
 B = Non-inter-level travel time spent in this place.
 C = Inter-level travel time spent in this place.
 D = Time resting spent in this place.
 E = Time spent auto-exploring this place.
 F = Levels seen in this place.
 G = Mean time per level.
                   A        B        C        D        E       F      G
               +--------+--------+--------+--------+--------+-----+--------+
         Total |   2768 |   2690 |     78 |     77 |   2305 |   5 |  553.6 |
       Dungeon |   2768 |   2690 |     78 |     77 |   2305 |   5 |  553.6 |
               +--------+--------+--------+--------+--------+-----+--------+

Top non-repeatable levels by time:
     D:3: 943 daAuts
     D:1: 889 daAuts
     D:2: 677 daAuts
     D:4: 198 daAuts
     D:7: 60 daAuts
